A+ - U26
LANCASTER JETHAWKS @ RIVERSIDE RED WAVE
08/04/2061
 
TOP OF THE 1ST
Riverside Red Wave batting - Pitching for Bakersfield Blaze : LHP Bobby Brady
Pitching: LHP Bobby Brady
Batting: RHB Rafael Montes 0-0: Called Strike
0-1: Ball
1-1: Ball
2-1: Ground out 4-3 (Groundball, 4, EV 97.5 MPH)
Batting: RHB Liam Temircan 0-0: Called Strike
0-1: Ball
1-1: Foul Ball, location: 2F
1-2: Ground out 5-3 (Groundball, 56S, EV 75.6 MPH)
Batting: SHB Chris Schmidt 0-0: Swinging Strike
0-1: Ball
1-1: TRIPLE (Line Drive, 89XD, EV 106.2 MPH)
Batting: RHB Travis Mathes 0-0: Ground out 6-3 (Groundball, 6, EV 78.8 MPH)
Top of the 1st over - 0 runs, 1 hit, 0 errors, 1 left on base; Riverside 0 - Bakersfield 0
BOTTOM OF THE 1ST
Bakersfield Blaze batting - Pitching for Riverside Red Wave : RHP Leonardo Acosta
Pitching: RHP Leonardo Acosta
Batting: LHB Jerry Fen 0-0: Ball
1-0: Ball
2-0: Foul Ball, location: 2F
2-1: Fly out, F4 (Popup, 34S, EV 90.6 MPH)
Batting: RHB Carter Evans 0-0: Called Strike
0-1: Ball
1-1: Ball
2-1: Fly out, F9 (Line Drive, 9, EV 85.6 MPH)
Batting: LHB Vishon Collins 0-0: Ball
1-0: Called Strike
1-1: Ball
2-1: Swinging Strike
2-2: SINGLE (Groundball, 3D, EV 97.5 MPH)
Batting: LHB D.J. Magdaleno 0-0: Ball
1-0: Ball
2-0: Ball
3-0: Base on Balls
Vishon Collins to second
Batting: RHB Natalino Consolao 0-0: Ball
Passed Ball!
Vishon Collins to third
D.J. Magdaleno to second
1-0: Foul Ball, location: 2F
1-1: Foul Ball, location: 2F
1-2: Strikes out swinging
Bottom of the 1st over - 0 runs, 1 hit, 0 errors, 2 left on base; Riverside 0 - Bakersfield 0
TOP OF THE 2ND
Riverside Red Wave batting - Pitching for Bakersfield Blaze : LHP Bobby Brady
Batting: RHB Lloyd Banks 0-0: Called Strike
0-1: Ball
1-1: Foul Ball, location: 2F
1-2: Ground out 5-3 (Groundball, 56S, EV 83.8 MPH)
Batting: RHB Payton Logan 0-0: Foul Ball, location: 2F
0-1: Foul Ball, location: 2F
0-2: Foul Ball, location: 2F
0-2: Ball
1-2: Ground out 6-3 (Groundball, 6, EV 86.9 MPH)
Batting: RHB Malcolm Lewis 0-0: Ball
1-0: Called Strike
1-1: Foul Ball, location: 2F
1-2: Ground out 6-3 (Groundball, 6, EV 103.8 MPH)
Top of the 2nd over - 0 runs, 0 hits, 0 errors, 0 left on base; Riverside 0 - Bakersfield 0
BOTTOM OF THE 2ND
Bakersfield Blaze batting - Pitching for Riverside Red Wave : RHP Leonardo Acosta
Batting: LHB Bryce Flynn 0-0: Ball
1-0: Foul Ball, location: 2F
1-1: Ball
2-1: Foul Ball, location: 2F
2-2: Ball
3-2: Strikes out swinging
Batting: LHB Ismael Gomez 0-0: Ball
1-0: Called Strike
1-1: Ball
2-1: Swinging Strike
2-2: Strikes out swinging, 2-3 out at first.
Batting: LHB Osmar McIntyre 0-0: Ball
1-0: Called Strike
1-1: Ball
2-1: Ground out 4-3 (Groundball, 4, EV 85.6 MPH)
Bottom of the 2nd over - 0 runs, 0 hits, 0 errors, 0 left on base; Riverside 0 - Bakersfield 0
TOP OF THE 3RD
Riverside Red Wave batting - Pitching for Bakersfield Blaze : LHP Bobby Brady
Batting: SHB Chris Davis 0-0: Called Strike
0-1: Ball
1-1: Ball
2-1: Called Strike
2-2: Foul Ball, location: 2F
2-2: SINGLE (Groundball, 56D, EV 103.1 MPH)
Batting: RHB Santiago Ogando 0-0: Ball
1-0: Called Strike
1-1: Called Strike
1-2: Ball
2-2: Grounds out, U3 (Groundball, 3L, EV 82.5 MPH)
Batting: RHB Rafael Montes 0-0: Ball
1-0: Called Strike
Chris Davis is caught stealing 3rd base 2-5
1-1: Ball
2-1: SINGLE (Groundball, 56D, EV 104.4 MPH)
Batting: RHB Liam Temircan 0-0: Ball
Rafael Montes is caught stealing 2nd base 2-4
Top of the 3rd over - 0 runs, 2 hits, 0 errors, 0 left on base; Riverside 0 - Bakersfield 0
BOTTOM OF THE 3RD
Bakersfield Blaze batting - Pitching for Riverside Red Wave : RHP Leonardo Acosta
Batting: RHB Elpidio Crcamo 0-0: Ball
1-0: Ball
2-0: Ball
3-0: Base on Balls
Batting: LHB Jerry Fen 0-0: Ball
1-0: Fielders Choice at 2nd, 4-6 (Groundball, 34, EV 87.5 MPH)
Batting: RHB Carter Evans 0-0: Ball
1-0: SINGLE (Groundball, 56D, EV 98.1 MPH)
Jerry Fen to second
Batting: LHB Vishon Collins 0-0: Ball
Jerry Fen steals 3rd base
1-0: Called Strike
1-1: Foul Ball, location: 2F
1-2: Foul Ball, location: 2F
1-2: Ball
2-2: Ball
3-2: SINGLE (Flyball, 8RS, EV 93.1 MPH)
Jerry Fen scores
Carter Evans to second
Carter Evans to third
Batting: LHB D.J. Magdaleno 0-0: Ball
1-0: Called Strike
1-1: Ball
2-1: DOUBLE (Line Drive, 9LM, EV 95.6 MPH)
Carter Evans scores
Vishon Collins to third
Batting: RHB Natalino Consolao 0-0: Ball
1-0: Fly out, F7 (Flyball, 7LS, EV 96.9 MPH)
Batting: LHB Bryce Flynn 0-0: Foul Ball, location: 2F
0-1: SINGLE (Groundball, 4D, EV 96.2 MPH)
Vishon Collins scores
D.J. Magdaleno to third
Runner from 3rd tries for Home, SAFE, throw by RF to home
Batting: LHB Ismael Gomez 0-0: Called Strike
0-1: Fly out, F8 (Flyball, 8LXD, EV 94.4 MPH)
Bottom of the 3rd over - 4 runs, 4 hits, 0 errors, 1 left on base; Riverside 0 - Bakersfield 4
TOP OF THE 4TH
Riverside Red Wave batting - Pitching for Bakersfield Blaze : LHP Bobby Brady
Batting: RHB Liam Temircan 0-0: Ball
1-0: Called Strike
1-1: Swinging Strike
1-2: Ball
2-2: Foul Ball, location: 2F
2-2: Ball
3-2: Fly out, F8 (Flyball, 8RS, EV 84.4 MPH)
Batting: SHB Chris Schmidt 0-0: TRIPLE (Flyball, 89XD, EV 100.6 MPH)
Batting: RHB Travis Mathes 0-0: Foul Ball, location: 2F
0-1: Foul Ball, location: 2F
0-2: Ball
1-2: Ball
2-2: Ball
3-2: Base on Balls
Batting: RHB Lloyd Banks 0-0: Called Strike
0-1: Ball
1-1: Ball
2-1: Ball
3-1: Foul Ball, location: 2F
3-2: Foul Ball, location: 2F
3-2: Fly out, F8 (Flyball, 8LM, EV 83.1 MPH)
Runner from 3rd tags up, SCORES, throw by CF
Batting: RHB Payton Logan 0-0: Foul Ball, location: 2F
0-1: Ball
1-1: Ball
2-1: Ball
3-1: Called Strike
3-2: Foul Ball, location: 2F
3-2: Base on Balls
Travis Mathes to second
Batting: RHB Malcolm Lewis 0-0: Foul Ball, location: 2F
0-1: Ball
Wild Pitch!
Travis Mathes to third
Payton Logan to second
1-1: Fly out, F7 (Line Drive, 7, EV 96.2 MPH)
Top of the 4th over - 1 run, 1 hit, 0 errors, 2 left on base; Riverside 1 - Bakersfield 4
BOTTOM OF THE 4TH
Bakersfield Blaze batting - Pitching for Riverside Red Wave : RHP Leonardo Acosta
Batting: LHB Osmar McIntyre 0-0: Ball
1-0: Foul Ball, location: 2F
1-1: Ball
2-1: Foul Ball, location: 2F
2-2: Foul Ball, location: 2F
2-2: Foul Ball, location: 2F
2-2: Fly out, F8 (Flyball, 8RS, EV 88.8 MPH)
Batting: RHB Elpidio Crcamo 0-0: Ball
1-0: Foul Ball, location: 2F
1-1: Ball
2-1: Ball
3-1: Called Strike
3-2: Base on Balls
Batting: LHB Jerry Fen 0-0: Called Strike
0-1: Ball
1-1: Called Strike
1-2: Fly out, F8 (Flyball, 8LM, EV 88.1 MPH)
Batting: RHB Carter Evans 0-0: Ball
1-0: Fly out, F7 (Flyball, 7D, EV 102.5 MPH)
Bottom of the 4th over - 0 runs, 0 hits, 0 errors, 1 left on base; Riverside 1 - Bakersfield 4
TOP OF THE 5TH
Riverside Red Wave batting - Pitching for Bakersfield Blaze : LHP Bobby Brady
Batting: SHB Chris Davis 0-0: Ball
1-0: Ground out 4-3 (Groundball, 4, EV 80.6 MPH)
Batting: RHB Santiago Ogando 0-0: Swinging Strike
0-1: Ball
1-1: Swinging Strike
1-2: Foul Ball, location: 2F
1-2: Ball
2-2: Foul Ball, location: 2F
2-2: Strikes out swinging
Batting: RHB Rafael Montes 0-0: Fly out, F9 (Flyball, 9LS, EV 91.2 MPH)
Top of the 5th over - 0 runs, 0 hits, 0 errors, 0 left on base; Riverside 1 - Bakersfield 4
BOTTOM OF THE 5TH
Bakersfield Blaze batting - Pitching for Riverside Red Wave : RHP Leonardo Acosta
Batting: LHB Vishon Collins 0-0: Called Strike
0-1: Fly out, F9 (Flyball, 89XD, EV 88.8 MPH)
Batting: LHB D.J. Magdaleno 0-0: Fly out, F8 (Flyball, 78D, EV 83.1 MPH)
Batting: RHB Natalino Consolao 0-0: Called Strike
0-1: Called Strike
0-2: Ball
1-2: Foul Ball, location: 2F
1-2: Fly out, F8 (Line Drive, 8RM, EV 86.9 MPH)
Bottom of the 5th over - 0 runs, 0 hits, 0 errors, 0 left on base; Riverside 1 - Bakersfield 4
TOP OF THE 6TH
Riverside Red Wave batting - Pitching for Bakersfield Blaze : LHP Bobby Brady
Batting: RHB Liam Temircan 0-0: Ball
1-0: Ball
2-0: Swinging Strike
2-1: Foul Ball, location: 2F
2-2: Foul Ball, location: 2F
2-2: Foul Ball, location: 2F
2-2: Ground out 5-3 (Groundball, 56S, EV 86.9 MPH)
Batting: SHB Chris Schmidt 0-0: Ground out U3 (Groundball, 13, EV 90.6 MPH)
Batting: RHB Travis Mathes 0-0: Called Strike
0-1: Ball
1-1: Swinging Strike
1-2: Ball
2-2: Foul Ball, location: 2F
2-2: Foul Ball, location: 2F
2-2: Ball
3-2: Base on Balls
Pitching: LHP Jake Mobley
Batting: RHB Lloyd Banks 0-0: Called Strike
0-1: Fly out, F9 (Flyball, 9LS, EV 85.6 MPH)
Top of the 6th over - 0 runs, 0 hits, 0 errors, 1 left on base; Riverside 1 - Bakersfield 4
BOTTOM OF THE 6TH
Bakersfield Blaze batting - Pitching for Riverside Red Wave : RHP Leonardo Acosta
Pitching: RHP Trevor Tyler
Batting: LHB Bryce Flynn 0-0: Foul Ball, location: 2F
0-1: Foul Ball, location: 2F
0-2: Ball
1-2: Ball
2-2: Foul Ball, location: 2F
2-2: Ball
3-2: Foul Ball, location: 2F
3-2: Foul Ball, location: 2F
3-2: Foul Ball, location: 2F
3-2: SINGLE (Popup, 6D, EV 46.2 MPH)
Batting: LHB Ismael Gomez 0-0: Sac Bunt to 23 - play at first, batter OUT! 3-4
Bryce Flynn to second
Batting: LHB Osmar McIntyre 0-0: Ball
1-0: Ball
2-0: Foul Ball, location: 2F
2-1: Ball
3-1: Base on Balls
Pitching: RHP David Catalano
Batting: RHB Elpidio Crcamo 0-0: SINGLE (Groundball, 34D, EV 96.9 MPH)
Bryce Flynn to third
Osmar McIntyre to second
Batting: LHB Jerry Fen 0-0: Called Strike
0-1: Ball
1-1: SINGLE (Line Drive, 4MD, EV 98.8 MPH)
Bryce Flynn scores
Osmar McIntyre to third
Elpidio Crcamo to second
Batting: RHB Carter Evans 0-0: Fly out, F7 (Flyball, 7D, EV 81.9 MPH)
Runner from 3rd tags up, SCORES, throw by LF
Elpidio Crcamo to third
Now at 1B: Joe Waits
Now in LF: Lloyd Banks
Batting: LHB Vishon Collins 0-0: Foul Ball, location: 2F
0-1: Ball
1-1: Ground out 4-3 (Groundball, 34, EV 92.5 MPH)
Bottom of the 6th over - 2 runs, 3 hits, 0 errors, 2 left on base; Riverside 1 - Bakersfield 6
TOP OF THE 7TH
Riverside Red Wave batting - Pitching for Bakersfield Blaze : LHP Jake Mobley
Batting: RHB Payton Logan 0-0: Ball
1-0: SINGLE (Line Drive, 8LS, EV 108.8 MPH)
Batting: RHB Malcolm Lewis 0-0: SINGLE (Line Drive, 9S, EV 91.2 MPH)
Payton Logan to second
Batting: SHB Chris Davis 0-0: Ball
1-0: Fly out, F7 (Flyball, 7D, EV 85.0 MPH)
Runner from 2nd tags up, SAFE at 3rd, no throw by LF
Batting: RHB Santiago Ogando 0-0: Ball
1-0: Swinging Strike
1-1: Ball
2-1: Foul Ball, location: 2F
2-2: Foul Ball, location: 2F
2-2: Strikes out swinging
Batting: RHB Rafael Montes 0-0: Ball
1-0: Ball
2-0: Ball
3-0: Called Strike
3-1: DOUBLE (Line Drive, 9LM, EV 105.6 MPH)
Payton Logan scores
Malcolm Lewis to third
Runner from 3rd tries for Home, SAFE, throw by RF to home
Batting: RHB Liam Temircan 0-0: Called Strike
0-1: Foul Ball, location: 2F
0-2: Strikes out swinging
Top of the 7th over - 2 runs, 3 hits, 0 errors, 1 left on base; Riverside 3 - Bakersfield 6
BOTTOM OF THE 7TH
Bakersfield Blaze batting - Pitching for Riverside Red Wave : RHP David Catalano
Batting: LHB D.J. Magdaleno 0-0: Called Strike
0-1: Ball
1-1: Fly out, F7 (Flyball, 7, EV 88.1 MPH)
Batting: RHB Natalino Consolao 0-0: Called Strike
0-1: Single, Error in OF, E9, batter to second base (Line Drive, 34D, EV 96.2 MPH)
Batting: LHB Bryce Flynn 0-0: Ball
1-0: Foul Ball, location: 2F
1-1: Foul Ball, location: 2F
1-2: 2-RUN HOME RUN (Flyball, 9LD, EV 95.6 MPH), Distance : 340 ft
Batting: LHB Ismael Gomez 0-0: Called Strike
0-1: Foul Ball, location: 2F
0-2: Strikes out swinging
Batting: LHB Osmar McIntyre 0-0: Ball
1-0: Called Strike
1-1: Swinging Strike
1-2: Ball
2-2: Strikes out looking
Bottom of the 7th over - 2 runs, 2 hits, 1 error, 0 left on base; Riverside 3 - Bakersfield 8
TOP OF THE 8TH
Riverside Red Wave batting - Pitching for Bakersfield Blaze : LHP Jake Mobley
Batting: SHB Chris Schmidt 0-0: Ball
1-0: Ball
2-0: Foul Ball, location: 2F
2-1: Called Strike
2-2: SOLO HOME RUN (Flyball, 7D, EV 98.8 MPH), Distance : 387 ft
Pitching: LHP Miguel Llanos
Batting: RHB Joe Waits 0-0: Ball
1-0: Foul Ball, location: 2F
1-1: Ground out 5-3 (Groundball, 56S, EV 88.1 MPH)
Batting: RHB Lloyd Banks 0-0: Called Strike
0-1: Foul Ball, location: 2F
0-2: Ball
1-2: Foul Ball, location: 2F
1-2: Ball
2-2: Fly out, F8 (Flyball, 89D, EV 75.0 MPH)
Batting: RHB Payton Logan 0-0: Called Strike
0-1: Ball
1-1: Swinging Strike
1-2: DOUBLE (Line Drive, 7LD, EV 111.9 MPH) - OUT at third base trying to stretch hit.
Top of the 8th over - 1 run, 2 hits, 0 errors, 0 left on base; Riverside 4 - Bakersfield 8
BOTTOM OF THE 8TH
Bakersfield Blaze batting - Pitching for Riverside Red Wave : RHP David Catalano
Batting: RHB Elpidio Crcamo 0-0: Ground out 6-3 (Groundball, 6, EV 105.0 MPH)
Batting: LHB Jerry Fen 0-0: SINGLE (Line Drive, 3D, EV 96.2 MPH)
Pitching: LHP Todd Deuce
Batting: RHB Carter Evans 0-0: Ball
1-0: Ball
2-0: Ball
3-0: Base on Balls
Jerry Fen to second
Batting: LHB Vishon Collins 0-0: Ball
1-0: Fly out, F9 (Flyball, 9LM, EV 89.4 MPH)
Batting: LHB D.J. Magdaleno 0-0: Ball
1-0: Swinging Strike
1-1: Ball
2-1: Ground out U3 (Groundball, 34, EV 85.6 MPH)
Bottom of the 8th over - 0 runs, 1 hit, 0 errors, 2 left on base; Riverside 4 - Bakersfield 8
TOP OF THE 9TH
Riverside Red Wave batting - Pitching for Bakersfield Blaze : LHP Miguel Llanos
Batting: RHB Malcolm Lewis 0-0: Foul Ball, location: 2F
0-1: SINGLE (Flyball, 8LS, EV 94.4 MPH)
Batting: SHB Chris Davis 0-0: Ball
1-0: Called Strike
1-1: Foul Ball, location: 2F
1-2: Strikes out swinging
Batting: RHB Santiago Ogando 0-0: Fly out, F7 (Flyball, 7, EV 91.9 MPH)
Batting: RHB Rafael Montes 0-0: Foul Ball, location: 2F
0-1: Called Strike
0-2: Ball
1-2: Strikes out swinging
Top of the 9th over - 0 runs, 1 hit, 0 errors, 1 left on base; Riverside 4 - Bakersfield 8
Wednesday, March 26th , 2025 - OOTP Baseball 25.11 Build 104